 Dungeon Crawl Stone Soup version 0.28-a0-1518-gbe868bca14 (webtiles) character file.

Game seed: 16523804508387000715

226 hashsling the Magician (level 5, -4/28 HPs)
             Began as a Deep Elf Hedge Wizard on Jan 16, 2022.
             Slain by a scorpion (6 damage)
             ... on level 3 of the Dungeon.
             The game lasted 00:13:01 (4852 turns).

hashsling the Magician (Deep Elf Hedge Wizard)      Turns: 4852, Time: 00:13:02

Health: -4/28      AC:  4    Str:  7    XL:     5   Next: 69%
Magic:  0/15       EV: 12    Int: 19    God:
Gold:   199        SH:  0    Dex: 14    Spells: 4/16 levels left

rFire   + + .      SeeInvis .   j - staff of fire
rCold   . . .      Faith    .   (no shield)
rNeg    . . .      Spirit   .   r - +1 robe "Onuih" {rElec rF+ Int-2 Slay+2}
rPois   .          Reflect  .   c - +1 hat
rElec   +          Harm     .   (no cloak)
rCorr   .          Rampage  .   (no gloves)
Will    .....                   (no boots)
Stlth   ++........              (no amulet)
HPRegen 0.09/turn               (no ring)
MPRegen 0.14/turn               (no ring)

@: lethally poisoned (-4 -> -6)
A: no striking features
a: no special abilities


You were on level 3 of the Dungeon.
You visited 1 branch of the dungeon, and saw 4 of its levels.

You collected 199 gold pieces.

Inventory:

Hand Weapons
 a - a +0 dagger
 w - a +6 short sword
Missiles
 h - 42 arrows
Armour
 c - a +1 hat (worn)
 f - a +0 buckler
 r - the +1 robe "Onuih" (worn) {rElec rF+ Int-2 Slay+2}
   (You found it on level 3 of the Dungeon)

   Int:       It affects your intelligence (-2).
   Slay:      It affects your accuracy & damage with ranged weapons and melee
   (+2).
   rF:        It protects you from fire.
   rElec:     It insulates you from electricity.
Magical Staves
 j - a staff of fire (weapon)
Scrolls
 e - a scroll of enchant armour
 g - a scroll of identify {unknown}
 n - 2 scrolls of vulnerability {unknown}
 o - a scroll of noise {unknown}
 p - 4 scrolls of fog {unknown}
 s - a scroll of teleportation {unknown}
 v - a scroll of silence {unknown}
Potions
 b - a potion of might {unknown}
 d - a potion of haste {unknown}
 i - a potion of resistance {unknown}
 k - 2 potions of curing {unknown}
 l - 2 potions of degeneration {unknown}
 m - 2 potions of flight {unknown}
 q - 2 potions of heal wounds {unknown}
 t - 2 potions of mutation {unknown}
 u - a potion of lignification {unknown}
 x - 2 potions of attraction {unknown}


   Skills:
 - Level 2.4 Dodging
 - Level 2.4 Stealth
 * Level 6.2 Spellcasting
 * Level 3.4 Conjurations
 + Level 2.7 Summonings
 + Level 2.6 Translocations


You had 4 spell levels left.
You knew the following spells:

 Your Spells              Type           Power      Damage    Failure   Level
a - Magic Dart            Conj           76%        1d6       2%          1
b - Blink                 Tloc           32%        N/A       5%          2
c - Call Imp              Summ           16%        N/A       5%          2
d - Slow                  Hex            20%        N/A       11%         1
e - Mephitic Cloud        Conj/Pois/Air  10%        N/A       21%         3
f - Conjure Flame         Conj/Fire      18%        6-21      16%         3

Your spell library contained the following spells:

 Spells                   Type           Power      Damage    Failure   Level


Dungeon Overview and Level Annotations

Branches:
Dungeon (4/15)
 Temple: D:4-7

Altars:

Shops:
D:4 [(


Message History

The scorpion is severely wounded.
The scorpion barely misses you.
Your crimson imp blinks!
The magic dart hits the scorpion.
The scorpion is almost dead.
The scorpion stings you.
You are poisoned.
The scorpion poisons you!
The magic dart hits the scorpion but does no damage.
The scorpion is almost dead.
You feel very sick. The scorpion closely misses you.
The magic dart hits the scorpion but does no damage.
The scorpion is almost dead.
You feel sick. The scorpion stings you.
Your crimson imp blinks!
The scorpion completely misses you.
You closely miss the scorpion.
The scorpion is almost dead.
You feel sick. The scorpion stings you!
* * * LOW HITPOINT WARNING * * *
You hit the scorpion.
The scorpion is almost dead.
You feel sick. The scorpion misses you.
You hit the scorpion but do no damage.
The scorpion is almost dead.
You feel sick. The scorpion stings you.
* * * LOW HITPOINT WARNING * * *
The scorpion misses you.
You are too injured to fight recklessly!
Aiming: Magic Dart (safe; 2% risk of failure)
Press: ? - help, Q - select action, (/) - cycle Shift-Dir - straight line, f/p - scorpion
Aim: a scorpion (almost dead, ally target, 100% to hit)
The magic dart hits the scorpion but does no damage.
The scorpion is almost dead.
* * * LOW HITPOINT WARNING * * *
You feel sick.
Your crimson imp hits the scorpion but does no damage.
The scorpion stings you.
You die...

.............#..########..######.
.##########..##...........# ##...
## #...............###....
#.#####.........##..... #####
#..##...#######.##..... ....##
####....### #####.#......
###..####......######............
##..................###.##.....
####....##....s@....# ##...#....
##.....####....5.....###.........
#....### ##.........##.........#
###### #.........#...........
#.........#...........
#.........#.......>.<.
#.........##.........#
#........<###...#...## #########
#########


You could see a scorpion (ally target) and a friendly crimson imp (summoned).

Vanquished Creatures
  A scorpion (D:4)
  A hound (D:3)
  A centaur skeleton (D:4)
  2 adders
  An ufetubus (D:4)
  2 worms (D:3)
  A dart slug (D:4)
  3 endoplasms
  4 giant cockroaches
  5 goblins
  5 hobgoblins
  7 jackals (D:1)
  4 kobolds
  A quokka (D:1)
  5 ball pythons
  5 bats
  3 rats
51 creatures vanquished.

Vanquished Creatures (collateral kills)
  3 adders
  A ball python (D:3)
4 creatures vanquished.

Grand Total: 55 creatures vanquished

Notes
Turn   | Place    | Note
-------+----------+-------------------------------------------
     0 | D:1      | hashsling the Deep Elf Hedge Wizard began the quest for the
                  | Orb.
     0 | D:1      | Reached XP level 1. HP: 10/10 MP: 7/7
    26 | D:1      | Found a faded altar of an unknown god.
   315 | D:1      | Reached XP level 2. HP: 15/15 MP: 6/9
   318 | D:1      | Learned a level 2 spell: Blink
   321 | D:1      | Learned a level 2 spell: Call Imp
   323 | D:1      | Learned a level 1 spell: Slow
  1214 | D:1      | Reached skill level 5 in Spellcasting
  1681 | D:2      | Reached XP level 3. HP: 19/19 MP: 8/11
  1919 | D:2      | Learned a level 3 spell: Mephitic Cloud
  1923 | D:2      | Learned a level 3 spell: Conjure Flame
  2456 | D:3      | Reached XP level 4. HP: 24/24 MP: 10/13
  2922 | D:3      | Identified the +1 robe "Onuih" {rElec rF+ Int-2 Slay+2}
  3441 | D:3      | Noticed a scorpion
  3761 | D:4      | Found Duomaf's Weapon Emporium.
  3761 | D:4      | Noticed a scorpion
  3774 | D:4      | Killed a scorpion
  3775 | D:4      | Reached skill level 6 in Spellcasting
  3775 | D:4      | Reached XP level 5. HP: 25/28 MP: 3/15
  3973 | D:4      | Found Qodwush's Armour Boutique.
  4852 | D:3      | Slain by a scorpion

Illustrated notes

Levels and vault maps discovered:
D:1:      minmay_arrival_checkered_box, layout_loops_ring,
          basic_ecumenical_altar, nrook_mini_backslash, grunt_decor_clamped
D:2:      layout_basic, serial_bayou_crossing
D:3:      layout_rooms, roderic_serpentine_path, minmay_pentomino_pile
D:4:      layout_loops_corners, serial_shops, kennysheep_little_box, shop

Skill      XL: |  1  2  3  4 |
---------------+-------------+-----
Spellcasting   | 5 6 |  6.2
Conjurations   | 2 3 |  3.4
Summonings     | 2 |  2.7
Translocations | 2 |  2.6
Dodging        | |  2.4
Stealth        | |  2.4

Action                   |  1- 3 |  4- 6 || total
-------------------------+-------+-------++-------
Melee: Dagger            |    10 |       ||    10
       Staff             |     1 |     5 ||     6
 Cast: Magic Dart        |    94 |    79 ||   173
       Call Imp          |     3 |     6 ||     9
       Conjure Flame     |     1 |     5 ||     6
       Blink             |     1 |     2 ||     3
  Use: Scroll            |       |     1 ||     1
Armor: Robe              |     6 |    11 ||    17
Dodge: Dodged            |    20 |    24 ||    44

Table legend: (Time is in decaauts)
 A = Elapsed time spent in this place.
 B = Non-inter-level travel time spent in this place.
 C = Inter-level travel time spent in this place.
 D = Time resting spent in this place.
 E = Time spent auto-exploring this place.
 F = Levels seen in this place.
 G = Mean time per level.
                   A        B        C        D        E       F      G
               +--------+--------+--------+--------+--------+-----+--------+
         Total |   4857 |   4743 |    114 |     21 |   4138 |   4 | 1214.2 |
       Dungeon |   4857 |   4743 |    114 |     21 |   4138 |   4 | 1214.2 |
               +--------+--------+--------+--------+--------+-----+--------+

Top non-repeatable levels by time:
     D:1: 1425 daAuts
     D:3: 1353 daAuts
     D:4: 1304 daAuts
     D:2: 774 daAuts
